 Dungeon Crawl Stone Soup version 0.30-a0-141-g30f27751c5 (webtiles) character file.

Game seed: 149146930127035879

1293 qw the Chopper (level 8, -12/48 HPs)
             Began as a Gargoyle Fighter on Sept 25, 2022.
             Was a Follower of Okawaru.
             Killed by divine providence
             ... invoked by an orc priest
              (13 damage)
             ... on level 6 of the Dungeon.
             The game lasted 00:01:42 (4962 turns).

qw the Chopper (Gargoyle Fighter)                   Turns: 4962, Time: 00:01:43

Health: -12/48     AC: 21    Str: 22    XL:     8   Next: 56%
Magic:  7/9        EV: 10    Int:  9    God:    Okawaru [*.....]
Gold:   255        SH: 11    Dex:  9    Spells: 7/7 levels left

rFire   . . .      SeeInvis .    Y - +2 war axe (freeze)
rCold   + . .      Faith    .    g - +0 kite shield
rNeg    + + +      Spirit   .    o - +0 pearl dragon scales
rPois   inf        Reflect  .    (no helmet)
rElec   +          Harm     .    (no cloak)
rCorr   .          Rampage  .    (no gloves)
Will    .....                    m - +1 pair of boots
Stlth   +.........               (no amulet)
HPRegen 0.16/turn                l - ring of protection from cold
MPRegen 0.11/turn                n - ring of positive energy

@: heroic
A: sickness immunity, AC +5, negative energy resistance 1, electricity
resistance, torment resistance 1, petrification resistance
a: Renounce Religion, Heroism


You were on level 6 of the Dungeon.
You worshipped Okawaru.
Okawaru was aware of your devotion.
You visited 2 branches of the dungeon, and saw 7 of its levels.

You collected 283 gold pieces.
You spent 28 gold pieces at shops.


Innate Abilities, Weirdness & Mutations

You are immune to sickness and miasma.
Your stone body is resilient. (AC +5)
You are immune to poison.
You resist negative energy. (rN+)
You are resistant to electric shocks. (rElec)
You are resistant to unholy torment.
You are immune to petrification.


   Skills:
 + Level 4.5(9.5) Fighting
 - Level 7.1(12.1) Axes
 - Level 3.2(8.2) Armour
 - Level 2.0(7.0) Dodging
 - Level 6.1(11.1) Shields
 + Level 2.5 Invocations


You had 7 spell levels left.
You didn't know any spells.
Your spell library was empty.

Inventory:

Hand Weapons
 h - a +0 flail
 Y - a +2 war axe of freezing (weapon)
Missiles
 j - 3 boomerangs (quivered)
Armour
 b - a +1 chain mail of willpower
 g - a +0 kite shield (worn)
 m - a +1 pair of boots (worn)
 o - +0 pearl dragon scales (worn)
Jewellery
 l - a ring of protection from cold (left hand)
 n - a ring of positive energy (right hand)
Scrolls
 e - 4 scrolls of identify
 i - 2 scrolls of fear {unknown}
Potions
 a - a potion of attraction
 c - a potion of mutation
 d - 2 potions of might
 f - a potion of resistance
 k - 4 potions of curing
 p - a potion of cancellation {unknown}
 q - a potion of heal wounds {unknown}

Dungeon Overview and Level Annotations

Branches:
Dungeon (6/15)             Temple (1/1) D:5

Altars:
Ashenzari
Cheibriados
Dithmenos
Fedhas
Kikubaaqudgha
Makhleb
Nemelex Xobeh
Okawaru
Qazlal
Ru
Sif Muna
Trog
Vehumet
Zin
The Shining One

Shops:
D:1 [:*:

Annotations:
D:5 1 transporter, qw's ghost, novice GrFi


Message History

There is an open door here.
There is an open door here.
You open the door.
Found an Everburning Encyclopedia.
A shadow imp comes into view.
The shadow imp shouts, "Fly, thou dissembling toenail-biting bloater!"
An orc priest comes into view. It is wielding a +0 short sword.
4955 ||| INVOKING Heroism.
You gain the combat prowess of a mighty hero.
The orc priest invokes the aid of Beogh against you.
Beogh smites you!
You hear a shout! x2
An orc and an orc priest come into view.
The orc shouts!
You slash the shadow imp!
The shadow imp is severely wounded.
The shadow imp hits you but does no damage.
You hit the shadow imp.
You kill the shadow imp!
Okawaru accepts your kill.
The orc priest invokes the aid of Beogh against you.
Beogh smites you!
You hit the orc priest. You freeze the orc priest.
The orc priest is heavily wounded.
The orc priest invokes the aid of Beogh against you.
Beogh smites you!
The orc priest invokes the aid of Beogh against you.
Beogh smites you!
You hit the orc priest. You freeze the orc priest.
The orc priest is almost dead.
You slash the orc! You freeze the orc.
You kill the orc!
Okawaru accepts your kill.
The orc priest casts a cantrip, but nothing happens.
You closely miss the orc priest.
The orc priest is almost dead.
You block the orc priest's attack.
The orc priest invokes the aid of Beogh against you.
Beogh smites you!
You die...

...........
..........#############
#............. ......
#............. ......
#............. ......
#............. ......
#......o...... ......
#......o...... ......
#####.....@)..# ######
..............#
..............#
+####........#
##.......# ###
##......# ..##:
##.....#......
##....#......
##...'......


You could see 2 orc priests.

Vanquished Creatures
  A steam dragon (D:6)
  A sky beast (D:6)
  2 ogres
  A phantom (D:4)
  A kobold brigand (D:6)
  3 necrophages
  A bullfrog (D:4)
  2 howler monkeys (D:5)
  An orc priest (D:5)
  3 hounds
  An iguana (D:6)
  3 orc wizards (D:5)
  4 gnolls (D:5)
  4 adders
  2 shadow imps (D:6)
  2 white imps
  An ufetubus (D:5)
  A worm (D:3)
  2 dart slugs (D:1)
  6 orcs
  5 bats
  3 endoplasms
  10 giant cockroaches
  5 goblins
  8 hobgoblins
  7 jackals
  3 quokkas
  8 ball pythons
  5 frilled lizards
  8 kobolds
  4 rats
108 creatures vanquished.

Notes
Turn   | Place    | Note
-------+----------+-------------------------------------------
     0 | D:1      | qw the Gargoyle Fighter began the quest for the Orb.
     0 | D:1      | Reached XP level 1. HP: 14/14 MP: 1/1
     0 | D:1      | 0 ||| qw: Version: 0.2-a-10-g399e6c4
     0 | D:1      | 0 ||| qw: Game counter: 303
     0 | D:1      | 0 ||| qw: Always use a shield: true
     0 | D:1      | 0 ||| qw: God list: Okawaru
     0 | D:1      | 0 ||| qw: Allow faded altars: false
     0 | D:1      | 0 ||| qw: Do Orc after D:15 true
     0 | D:1      | 0 ||| qw: Do second Lair branch before Depths: true
     0 | D:1      | 0 ||| qw: Lair rune preference: random
     0 | D:1      | 0 ||| qw: Plans: Normal, Zot:1-4, God:TSO, Crypt, Tomb,
                  | Pan, Slime:5, Hells, Abyss, Orb
     0 | D:1      | 0 ||| PLANNING D:1-11
    70 | D:1      | Reached skill level 2 in Axes
    88 | D:1      | 88 ||| Stepping ~*~*~tactically~*~*~ (hiding).
   217 | D:1      | Found Muzemego's General Store.
   223 | D:1      | Reached XP level 2. HP: 19/19 MP: 2/2
   246 | D:1      | 246 ||| BUYING scroll of identify (28 gold).
   246 | D:1      | Bought a scroll of identify for 28 gold pieces
   246 | D:1      | 246 ||| SHOPLISTING scroll of identify (28 gold, have 2).
   258 | D:1      | Found Diakos's Antique Armour Boutique.
   265 | D:1      | 265 ||| SHOPLISTING cloak (112 gold, have 2).
   265 | D:1      | 265 ||| SHOPLISTING plate armour (575 gold, have 2).
   307 | D:1      | Found Adah's Book Shop.
   455 | D:1      | Found a faded altar of an unknown god.
   526 | D:1      | 526 ||| Stepping ~*~*~tactically~*~*~ (hiding).
   543 | D:1      | 543 ||| Stepping ~*~*~tactically~*~*~ (stealth).
   592 | D:1      | Reached skill level 3 in Axes
   600 | D:1      | 600 ||| Stepping ~*~*~tactically~*~*~ (stealth).
   601 | D:1      | 601 ||| Stepping ~*~*~tactically~*~*~ (stealth).
   602 | D:1      | 602 ||| DROPPING +0 club.
   608 | D:1      | Reached XP level 3. HP: 23/23 MP: 3/3
   654 | D:1      | Found Nynil's Book Boutique.
   694 | D:1      | You fall into a shaft and drop 1 floor!
   762 | D:2      | 762 ||| UPGRADING to +0 kite shield.
   772 | D:2      | 772 ||| DROPPING +0 buckler.
   773 | D:2      | 773 ||| UPGRADING to ring of protection from cold.
   774 | D:2      | 774 ||| READING 3 scrolls labelled UTOLEA KEONY.
   775 | D:2      | 775 ||| READING scroll labelled BILELOE HATHE.
   776 | D:2      | 776 ||| DRINKING 2 viscous silvery potions.
   777 | D:2      | 777 ||| READING 3 scrolls of identify.
   777 | D:2      | 777 ||| IDENTIFYING puce potion
   778 | D:2      | 778 ||| DROPPING 2 scrolls of noise.
  1154 | D:2      | 1154 ||| Stepping ~*~*~tactically~*~*~ (stealth).
  1617 | D:2      | 1617 ||| READING scroll labelled LEWNUJ KUTSI.
  1673 | D:2      | 1673 ||| READING 4 scrolls of identify.
  1673 | D:2      | 1673 ||| IDENTIFYING bubbling coppery potion
  1702 | D:3      | 1702 ||| STAIRDANCE
  1896 | D:3      | Found a stormy altar of Qazlal.
  1901 | D:3      | 1901 ||| Stepping ~*~*~tactically~*~*~ (stealth).
  1902 | D:3      | 1902 ||| Stepping ~*~*~tactically~*~*~ (stealth).
  1903 | D:3      | 1903 ||| Stepping ~*~*~tactically~*~*~ (stealth).
  2153 | D:3      | 2153 ||| UPGRADING to ring of positive energy.
  2154 | D:3      | 2154 ||| READING scroll labelled AMPUKHL QORPHUMO.
  2155 | D:3      | 2155 ||| READING scroll labelled ICVA CEFRU.
  2156 | D:3      | 2156 ||| READING scroll labelled JUHA NUNGERR.
  2157 | D:3      | 2157 ||| READING scroll labelled BAIPOU DIFEIMM.
  2205 | D:4      | Identified the +8 halberd "Kippojo" {freeze, Fragile rC+
                  | rCorr Str+4}
  2224 | D:4      | Reached XP level 4. HP: 28/28 MP: 4/4
  2380 | D:4      | Noticed a bullfrog
  2381 | D:4      | 2381 ||| Stepping ~*~*~tactically~*~*~ (stealth).
  2386 | D:4      | Killed a bullfrog
  2387 | D:4      | Reached skill level 4 in Axes
  2387 | D:4      | Reached XP level 5. HP: 26/32 MP: 5/5
  2442 | D:4      | Found a radiant altar of Vehumet.
  2443 | D:4      | 2443 ||| Stepping ~*~*~tactically~*~*~ (hiding).
  2714 | D:4      | Found a glowing silver altar of Zin.
  2869 | D:4      | 2869 ||| READING scroll of brand weapon.
  2869 | D:4      | 2869 ||| BRANDING +1 war axe of venom.
  2996 | D:4      | Noticed an ogre
  3003 | D:4      | Killed an ogre
  3004 | D:4      | Reached XP level 6. HP: 17/37 MP: 6/6
  3295 | D:4      | 3295 ||| READING scroll labelled ENUCUIR LECH.
  3396 | D:4      | 3396 ||| READING 5 scrolls of identify.
  3396 | D:4      | 3396 ||| IDENTIFYING bubbling pink potion
  3397 | D:4      | 3397 ||| READING 4 scrolls of identify.
  3397 | D:4      | 3397 ||| IDENTIFYING murky sapphire potion
  3398 | D:4      | 3398 ||| DROPPING potion of flight.
  3411 | D:5      | Entered Level 5 of the Dungeon
  3421 | D:5      | 3421 ||| READING scroll of enchant weapon.
  3421 | D:5      | 3421 ||| ENCHANTING +1 war axe of freezing.
  3448 | D:5      | Found a sacrificial altar of Ru.
  3450 | D:5      | 3450 ||| Stepping ~*~*~tactically~*~*~ (stealth).
  3452 | D:5      | 3452 ||| Stepping ~*~*~tactically~*~*~ (stealth).
  3465 | D:5      | Reached skill level 5 in Axes
  3494 | D:5      | 3494 ||| Stepping ~*~*~tactically~*~*~ (hiding).
  3506 | D:5      | 3506 ||| Stepping ~*~*~tactically~*~*~ (stealth).
  3516 | D:5      | Reached XP level 7. HP: 25/43 MP: 7/7
  3748 | D:5      | 3748 ||| DROPPING +0 mace.
  3817 | D:5      | 3817 ||| DRINKING 3 potions of curing.
  3817 | D:5      | 3817 ||| (to cure confusion)
  3842 | D:5      | Found a staircase to the Ecumenical Temple.
  3843 | D:5      | 3843 ||| PLANNING TEMPLE
  3843 | D:5      | 3843 ||| UPGRADING to +1 pair of boots.
  3850 | D:5      | 3850 ||| FLEEEEING.
  3851 | D:5      | 3851 ||| FLEEEEING.
  3852 | D:5      | 3852 ||| FLEEEEING.
  3853 | D:5      | 3853 ||| FLEEEEING.
  3854 | D:5      | 3854 ||| FLEEEEING.
  3855 | D:5      | 3855 ||| FLEEEEING.
  3856 | D:5      | 3856 ||| FLEEEEING.
  3857 | D:5      | 3857 ||| FLEEEEING.
  3858 | D:5      | 3858 ||| FLEEEEING.
  3859 | D:5      | 3859 ||| FLEEEEING.
  3860 | D:5      | 3860 ||| FLEEEEING.
  3861 | D:5      | 3861 ||| FLEEEEING.
  3865 | D:5      | 3865 ||| FLEEEEING.
  3866 | D:5      | 3866 ||| FLEEEEING.
  3867 | D:5      | 3867 ||| FLEEEEING.
  3868 | D:5      | 3868 ||| FLEEEEING.
  3869 | D:5      | 3869 ||| FLEEEEING.
  3870 | D:5      | 3870 ||| FLEEEEING.
  3871 | D:5      | 3871 ||| STAIRDANCE
  3873 | D:4      | 3873 ||| READING scroll labelled FUGRAO LI PISO.
  3878 | D:5      | 3878 ||| STAIRDANCE
  3925 | Temple   | Entered the Ecumenical Temple
  3971 | Temple   | 3971 ||| PLANNING OKAWARU WORSHIP
  4027 | Temple   | 4027 ||| UPGRADING to +0 chain mail.
  4037 | Temple   | 4037 ||| DROPPING +0 scale mail.
  4071 | Temple   | Became a worshipper of Warmaster Okawaru
  4072 | Temple   | 4072 ||| PLANNING D:1-11
  4163 | D:5      | 4163 ||| Stepping ~*~*~tactically~*~*~ (stealth).
  4186 | D:5      | 4186 ||| Stepping ~*~*~tactically~*~*~ (hiding).
  4189 | D:5      | 4189 ||| Stepping ~*~*~tactically~*~*~ (hiding).
  4193 | D:5      | Reached skill level 6 in Axes
  4311 | D:5      | Reached skill level 6 in Shields
  4311 | D:5      | Reached XP level 8. HP: 48/48 MP: 8/8
  4314 | D:5      | Found a transporter.
  4316 | D:5      | Identified the +9 great mace of Doaqakeebba {elec, rPois
                  | rCorr}
  4319 | D:5      | Noticed qw's ghost (novice GrFi)
  4444 | D:5      | 4444 ||| UPGRADING to +0 pearl dragon scales.
  4454 | D:5      | 4454 ||| DROPPING +0 chain mail.
  4455 | D:5      | 4455 ||| READING scroll labelled JUIMOTH ALIPY.
  4456 | D:5      | 4456 ||| READING scroll labelled OTHAZE KUHEV.
  4533 | D:6      | Found a shadowy altar of Dithmenos.
  4589 | D:6      | Reached * piety under Okawaru
  4601 | D:6      | 4601 ||| INVOKING Heroism.
  4611 | D:6      | Reached skill level 1 in Invocations
  4729 | D:6      | Reached skill level 7 in Axes
  4955 | D:6      | 4955 ||| INVOKING Heroism.
  4960 | D:6      | HP: 11/48 [orc priest/divine providence (13)]
  4960 | D:6      | HP: 1/48 [orc priest/divine providence (10)]
  4962 | D:6      | Killed from afar by an orc priest

Levels and vault maps discovered:
D:1:      sevenhm_arrival_forest_fort_small_4, layout_basic, serial_shops,
          nicolae_shop_advertising_works [nicolae_subvault_shop_adworks], shop,
          shop, shop_fountains, hellmonk_ecumenical_altar_run_dry, st_stairs_3
D:2:      layout_basic, minmay_statues_item
D:3:      layout_rooms, grunt_qazlal_sundering, hangedman_abyss_or_decor_stabs,
          grunt_ministairs_2
D:4:      layout_loops_ring, lemuel_coloured_pillars_altar,
          vehumet_altar_wand_db
D:5:      layout_rooms, nicolae_ru_great_annihilating_truth,
          minmay_temple_entry_butterflies, gammafunk_ghost_smash
D:6:      layout_gridville, mainiacjoe_overflow_alcove_2,
          nicolae_dithmenos_through_a_glass_darkly, kennysheep_big_empty_room
Temple:   hellmonk_temple_beads

Skill      XL: |  1  2  3  4  5  6  7  8 |
---------------+-------------------------+-----
Axes           | 2 3 4 5 6 7 |  7.1
Shields        | 4 5 6 |  6.1
Fighting       | 4 |  4.5
Dodging        | 2 |  2.0
Invocations    | 2 |  2.5
Armour         | |  3.2

Action                   |  1- 3 |  4- 6 |  7- 9 || total
-------------------------+-------+-------+-------++-------
Melee: War axe           |   114 |    73 |   108 ||   295
Throw: Boomerang         |     5 |    15 |    21 ||    41
Invok: Heroism           |       |       |     2 ||     2
  Use: Scroll            |     9 |     5 |     3 ||    17
       Potion            |     1 |       |     1 ||     2
 Stab: Paralysed         |       |     1 |       ||     1
Armor: Scale mail        |    47 |    40 |    13 ||   100
       Chain mail        |       |       |    16 ||    16
       Pearl dragon scal |       |       |    21 ||    21
Dodge: Dodged            |    39 |    20 |    38 ||    97
Block: Buckler           |     6 |       |       ||     6
       Kite shield       |    20 |    37 |    63 ||   120

Table legend:
 A = Non-vault XP
 B = Vault XP
 C = Vault XP percentage of total XP
 D = Non-vault monster count
 E = Vault monster count
 F = Vault count percentage of total count
                 A         B        C        D         E       F
            +---------+---------+-------+---------+---------+-------
      Total |    1801 |      47 |   2.5 |     100 |       8 |   7.4
            +---------+---------+-------+---------+---------+-------
        D:1 |      42 |       3 |   6.7 |      22 |       2 |   8.3
        D:2 |      13 |       2 |  13.3 |      10 |       1 |   9.1
        D:3 |      18 |       0 |   0.0 |      10 |       0 |   0.0
        D:4 |     390 |       2 |   0.5 |      17 |       1 |   5.6
        D:5 |     697 |      40 |   5.4 |      27 |       4 |  12.9
        D:6 |     641 |       0 |   0.0 |      14 |       0 |   0.0
            +---------+---------+-------+---------+---------+-------
